 Dungeon Crawl Stone Soup version 0.19-a0-854-gc78d25d (webtiles) character file.

3455 beholder the Covert (level 10, -5/46 HPs)
             Began as a Vine Stalker Enchanter on July 1, 2016.
             Was a Follower of Uskayaw.
             Slain by an orc priest
             ... wielding a +0 short sword
              (6 damage)
             ... on level 6 of the Dungeon.
             The game lasted 00:51:29 (6092 turns).

beholder the Covert (Vine Stalker Enchanter)        Turns: 6092, Time: 00:51:30

Health: -5/46      AC:  9    Str: 16    XL:     10   Next: 6%
Magic:  0/29       EV: 13    Int: 17    God:    Uskayaw [*.....]
Gold:   239        SH:  0    Dex: 16    Spells: 5 memorised, 9 levels left

rFire  . . .     SeeInvis .     a - +0 mace of Xiqeykk {crush, Str+5} (curse)
rCold  . . .     Gourm    .     E - +0 robe (curse)
rNeg   . . .     Faith    .     (no shield)
rPois  .         Spirit   +     o - +1 helmet
rElec  .         Dismiss  .     r - +0 cloak
rCorr  .         Reflect  .     (no gloves)
SustAt .         Harm     .     (no boots)
MR     +....                    (no amulet)
Stlth  +++++.....               C - ring of magical power
                                s - +4 ring of protection

@: somewhat resistant to hostile enchantments, quite stealthy
A: fangs 3, regeneration 2, magic shield, antimagic bite, no device heal 3, rot
immunity
a: Stomp, Renounce Religion


You were on level 6 of the Dungeon.
You worshipped Uskayaw.
Uskayaw was aware of your devotion.
You were very hungry.

You visited 2 branches of the dungeon, and saw 7 of its levels.

You collected 239 gold pieces.

Inventory:

Hand Weapons
 a - the cursed +0 mace of Xiqeykk (weapon) {crush, Str+5}
   (You found it on level 5 of the Dungeon)

   It inflicts extra damage upon your enemies.
   It affects your strength (+5).
   It has a curse placed upon it.
 x - a +4 dagger of pain
Missiles
 l - 46 poisoned needles
Armour
 b - a +1 robe
 o - a +1 helmet (worn)
 r - a +0 cloak (worn)
 E - a cursed +0 robe (worn)
Jewellery
 s - a +4 ring of protection (left hand)
 B - an uncursed ring of see invisible
 C - a ring of magical power (right hand)
Wands
 y - a wand of digging (11/24)
 z - a wand of confusion (21/48)
Scrolls
 g - 2 scrolls of blinking
Potions
 e - a potion of haste
 i - 2 potions of agility {unknown}
 j - 2 potions of resistance {unknown}
 k - 4 potions of curing
 n - 4 potions of cure mutation {unknown}
 p - 3 potions of flight {unknown}
 q - a potion of might {unknown}
 t - a potion of brilliance {unknown}
 u - a potion of magic {unknown}
Books
 c - a book of Maledictions

   Spells                             Type                      Level
   a - Corona                         Hexes                        1
   b - Ensorcelled Hibernation        Hexes/Ice                    2
   c - Confuse                        Hexes                        3
   d - Tukima's Dance                 Hexes                        3
   e - Dazzling Spray                 Conjuration/Hexes            3
Comestibles
 d - 3 bread rations
 f - a meat ration
 h - a royal jelly
 m - 2 fruits
 w - a slice of pizza


   Skills:
 + Level 1.8 Fighting
 + Level 5.0 Short Blades
 + Level 3.0 Dodging
 + Level 10.7 Stealth
 - Level 6.0 Spellcasting
 - Level 8.1 Hexes


You had 9 spell levels left.
You knew the following spells:

 Your Spells              Type           Power        Failure   Level  Hunger
a - Corona                Hex            ####...      1%          1    None
c - Confuse               Hex            ####....     1%          3    ##.....
d - Tukima's Dance        Hex            ####....     1%          3    ##.....
e - Ensorcelled Hibernat  Hex/Ice        ###...       3%          2    None
s - Dazzling Spray        Conj/Hex       ###...       10%         3    ##.....


Dungeon Overview and Level Annotations

Branches:
Dungeon (6/15)             Temple (1/1) D:5

Altars:
Ashenzari
Cheibriados
Dithmenos
Gozag
Kikubaaqudgha
Pakellas
Qazlal
Ru
Sif Muna
Uskayaw
Vehumet
Xom

Shops:
D:4 %

Annotations:
D:6 Eustachio


Innate Abilities, Weirdness & Mutations

You have razor-sharp teeth.
You heal very quickly.
When hurt, damage is shared between your health and your magic reserves.
Your bite disrupts and absorbs the magic of your enemies.
Potions and wands cannot restore your health.
You are immune to rotting.


Message History

Press: ? - help, Shift-Dir - straight line, f/p - orc priest
Aim: an orc priest, wielding a short sword (lightly wounded, chance to defeat MR: 46%)
The orc priest resists with some effort.
Evoking this partially-identified wand wasted a few charges.
The orc priest hits you but does no damage.
You barely miss the orc priest.
The orc priest is lightly wounded.
The orc priest hits you with a short sword!
* * * LOW HITPOINT WARNING * * *
The orc priest hits you with a short sword.
* * * LOW HITPOINT WARNING * * *
You take 8 damage, and have 1/46 hp.
You now have 0/29 mp.
Evoke which item? (* to show all) (? for menu, Esc to quit)
Zapping:
z - a wand of confusion {zapped: 2} (will waste charges)
Press: ? - help, Shift-Dir - straight line, f/p - orc priest
Aim: an orc priest, wielding a short sword (lightly wounded, chance to defeat MR: 46%)
The orc priest resists with some effort.
Evoking this partially-identified wand wasted a few charges.
The orc priest hits you with a short sword.
You die...

.. ...##........# #....
... #........# #....
... #.........
....#####.## #.........
...........#####'#.p...
#..)........##.#.....
#....)......##.#.....
#...[)......##.######
#...@o.!.####.....#
#...###'## #....p##
#.......# #..p..#..
#.......# #.....#..
#.......#####.....#..
####................#..
...#.......#...........
........[..............
..#.......#...........


You could see an orc priest.

Vanquished Creatures
  Pikel (D:6)
  Blork the orc (D:6)
  The ghost of sudo the Slasher, an amateur HEMo (D:4)
  6 yaks (D:3)
  Sigmund (D:4)
  Purgy (D:4)
  A slave (D:6)
  A phantom (D:4)
  2 ogres
  3 centaurs
  2 giant frogs
  A scorpion (D:4)
  3 wights (D:6)
  A howler monkey (D:4)
  2 centaur zombies (D:5)
  A giant frog skeleton (D:4)
  An orc priest (D:6)
  Ijyb (D:2)
  2 iguanas
  Natasha (thrice) (D:2)
  A worker ant (D:5)
  A hound zombie (D:5)
  A worker ant zombie (D:5)
  Robin (D:2)
  7 adders
  2 shadow imps
  An ooze (D:1)
  2 worms
  4 dart slugs
  4 giant geckos
  6 orcs
  2 giant cockroaches
  17 goblins
  7 hobgoblins
  2 jackals (D:2)
  2 quokkas (D:5)
  2 ball pythons
  A ball python skeleton (D:6)
  10 bats
  6 giant newts
  9 kobolds
  6 rats
129 creatures vanquished.

Vanquished Creatures (collateral kills)
  An orc warrior (D:6)
  2 ogres
  A hound (D:6)
  An orc wizard (D:6)
5 creatures vanquished.

Vanquished Creatures (others)
  A dancing weapon (D:6)
  2 slaves (D:6)
  A worker ant (D:6)
4 creatures vanquished.

Grand Total: 138 creatures vanquished

Notes
Turn   | Place    | Note
-------+----------+-------------------------------------------
     0 | D:1      | beholder the Vine Stalker Enchanter began the quest for the Orb.
     0 | D:1      | Reached XP level 1. HP: 9/9 MP: 4/4
     9 | D:1      | Reached skill level 1 in Short Blades
   177 | D:1      | Reached XP level 2. HP: 13/13 MP: 6/6
   334 | D:1      | Learned a level 2 spell: Ensorcelled Hibernation
   573 | D:1      | Reached skill level 4 in Stealth
   573 | D:1      | Reached XP level 3. HP: 15/16 MP: 5/7
   657 | D:1      | Learned a level 3 spell: Confuse
   951 | D:2      | Reached XP level 4. HP: 9/21 MP: 4/9
  1025 | D:2      | Found an ancient bone altar of Kikubaaqudgha.
  1035 | D:2      | Noticed Robin
  1094 | D:2      | Killed Robin
  1182 | D:2      | Learned a level 3 spell: Dazzling Spray
  1416 | D:2      | Noticed Ijyb
  1417 | D:2      | Noticed Natasha
  1439 | D:2      | Killed Ijyb
  1439 | D:2      | Reached skill level 5 in Stealth
  1439 | D:2      | Reached XP level 5. HP: 21/24 MP: 1/10
  1468 | D:2      | Killed Natasha
  1849 | D:2      | Noticed Natasha
  1869 | D:2      | Killed Natasha
  2224 | D:2      | Found a shimmering altar of Xom.
  2360 | D:2      | Noticed Natasha
  2369 | D:2      | Killed Natasha
  2945 | D:4      | Gained mutation: You heal very quickly. [Vine Stalker growth]
  2945 | D:4      | Reached XP level 6. HP: 28/28 MP: 12/12
  2995 | D:3      | Learned a level 3 spell: Tukima's Dance
  3148 | D:4      | Found Humyecol's Food Shop.
  3202 | D:4      | Noticed sudo's ghost (amateur HEMo)
  3264 | D:4      | Reached skill level 6 in Stealth
  3338 | D:4      | Killed sudo's ghost
  3338 | D:4      | Reached skill level 5 in Hexes
  3338 | D:4      | Reached XP level 7. HP: 19/32 MP: 8/15
  3440 | D:4      | Noticed a yak
  3440 | D:4      | Noticed a yak
  3441 | D:4      | Noticed a yak
  3441 | D:4      | Noticed a yak
  3441 | D:4      | Noticed a yak
  3453 | D:4      | Noticed a yak
  3470 | D:3      | Killed a yak
  3470 | D:3      | Reached skill level 7 in Stealth
  3470 | D:3      | Reached skill level 5 in Spellcasting
  3640 | D:4      | Noticed Purgy
  3692 | D:3      | Killed a yak
  3692 | D:3      | Gained mutation: You have razor-sharp teeth. [Vine Stalker growth]
  3692 | D:3      | Reached XP level 8. HP: 20/36 MP: 0/17
  3893 | D:3      | Killed a yak
  3974 | D:3      | Killed a yak
  3974 | D:3      | Reached skill level 8 in Stealth
  4081 | D:4      | Killed Purgy
  4103 | D:3      | Killed a yak
  4118 | D:3      | Killed a yak
  4244 | D:4      | Reached skill level 9 in Stealth
  4244 | D:4      | Reached XP level 9. HP: 39/39 MP: 19/19
  4346 | D:4      | Noticed Sigmund
  4365 | D:4      | Killed Sigmund
  4540 | D:5      | Entered Level 5 of the Dungeon
  4725 | D:5      | Found a shadowy altar of Dithmenos.
  4849 | D:5      | Found a staircase to the Ecumenical Temple.
  4862 | Temple   | Entered the Ecumenical Temple
  4960 | Temple   | Became a worshipper of Uskayaw the Reveler
  5146 | D:5      | Got a brightly glowing mace
  5149 | D:5      | Identified the cursed +0 mace of Xiqeykk {crush, Str+5} (You found it on level 5 of the Dungeon)
  5293 | D:5      | Found a radiant altar of Vehumet.
  5351 | D:6      | Noticed Eustachio
  5386 | D:5      | Reached * piety under Uskayaw
  5398 | D:6      | Noticed Pikel
  5407 | D:6      | Reached ** piety under Uskayaw
  5424 | D:6      | Killed Pikel
  5424 | D:6      | Reached skill level 10 in Stealth
  5779 | D:6      | Reached skill level 1 in Fighting
  6038 | D:6      | Noticed Blork the orc
  6055 | D:6      | Killed Blork the orc
  6055 | D:6      | Reached XP level 10. HP: 46/46 MP: 20/20
  6075 | D:6      | Reached skill level 5 in Short Blades
  6091 | D:6      | HP: 2/46 [orc priest/short sword (8)]
  6092 | D:6      | Slain by an orc priest

Vault maps used:
D:1:      noname_arrival_rooms_in_the_neighbourhood, minmay_tall_x
D:2:      nicolae_overflow_hidden_temple, kiku_gazebo_garden_becter, uniq_iyjb,
          uniq_robin, uniq_natasha
D:3:      first_bread
D:4:      serial_shops, shop, minmay_bisected, uniq_sigmund, uniq_purgy
D:5:      lemuel_crystal_altar, overflow_temple_1_default,
          minmay_misc_feat_alley, roderic_lattice_a
D:6:      uniq_eustachio, uniq_pikel, uniq_blork_the_orc
Temple:   regret_index_temple_generic_petals

Skill      XL: |  1  2  3  4  5  6  7  8  9 10 |
---------------+-------------------------------+-----
Short Blades   | 1 2 4 5 |  5.0
Stealth        | 4 5 6 7 9 10 | 10.7
Dodging        | 2 3 |  3.0
Spellcasting   | 3 4 5 6 |  6.0
Hexes          | 4 5 7 8 |  8.1
Fighting       | 1 |  1.8

Action                   |  1- 3 |  4- 6 |  7- 9 | 10-12 || total
-------------------------+-------+-------+-------+-------++-------
Melee: Dagger            |    77 |   143 |    86 |       ||   306
       Bite              |    14 |    43 |    54 |     3 ||   114
       Mace              |       |       |    52 |    12 ||    64
 Cast: Corona            |    13 |     1 |     2 |       ||    16
       Ensorcelled Hiber |    10 |    18 |    27 |     2 ||    57
       Confuse           |       |    14 |    31 |       ||    45
       Tukima's Dance    |       |     2 |     6 |     3 ||    11
Invok: Line Pass         |       |       |     1 |     1 ||     2
Evoke: Wand              |       |       |       |     2 ||     2
  Use: Scroll            |       |     3 |     6 |       ||     9
 Stab: Sleeping          |    13 |    13 |    27 |       ||    53
       Confused          |       |     8 |    16 |       ||    24
       Distracted        |       |       |       |     1 ||     1
  Eat: Chunk             |     1 |    10 |    11 |       ||    22
Armor: Robe              |    20 |    40 |    38 |     1 ||    99
Dodge: Dodged            |    46 |    69 |    92 |     8 ||   215
